 Dungeon Crawl Stone Soup version 0.28-a0-691-gad6df49e81 (webtiles) character file.

Game seed: 9385515547821454130

135 KoroneIsBestGirl the Chiller (level 5, -3/35 HPs)
             Began as a Barachi Ice Elementalist on Oct 21, 2021.
             Killed by divine providence
             ... invoked by an orc priest
              (9 damage)
             ... on level 3 of the Dungeon.
             The game lasted 00:02:59 (2964 turns).

KoroneIsBestGirl the Chiller (BaIE)                 Turns: 2964, Time: 00:03:00

Health: -3/35      AC:  2    Str: 10    XL:     5   Next: 18%
Magic:  3/10       EV: 13    Int: 16    God:
Gold:   46         SH:  0    Dex: 12    Spells: 6/10 levels left

rFire   . . .      SeeInvis .   c - +0 dagger
rCold   . . .      Faith    .   (no shield)
rNeg    . . .      Spirit   .   a - +0 robe
rPois   .          Reflect  .   (no helmet)
rElec   .          Harm     .   (no cloak)
rCorr   .          Rampage  .   (no gloves)
Will    .....                   (no boots)
Stlth   ++........              (no amulet)
HPRegen 0.11/turn               (no ring)
MPRegen 0.12/turn               (no ring)

@: unable to hop, slow
A: amphibious, slowness 1, strong legs 1, +LOS
a: Hop


You were on level 3 of the Dungeon.
You visited 1 branch of the dungeon, and saw 3 of its levels.

You collected 46 gold pieces.

Inventory:

Hand Weapons
 c - a +0 dagger (weapon)
Armour
 a - a +0 robe (worn)
Scrolls
 e - 2 scrolls of enchant armour {unknown}
 f - 2 scrolls of amnesia {unknown}
 h - a scroll of vulnerability {unknown}
 i - a scroll of silence {unknown}
Potions
 b - a potion of magic {unknown}
 d - a potion of resistance {unknown}
 g - a potion of mutation {unknown}
 j - 2 potions of haste {unknown}
 k - a potion of heal wounds {unknown}


   Skills:
 + Level 3.6 Dodging
 - Level 1.8 Stealth
 + Level 3.3 Spellcasting
 + Level 6.0 Ice Magic


You had 6 spell levels left.
You knew the following spells:

 Your Spells              Type           Power      Damage    Failure   Level
a - Freeze                Ice            88%        1d10      1%          1
b - Frozen Ramparts       Ice            44%        1d6       4%          3

Your spell library contained the following spells:

 Spells                   Type           Power      Damage    Failure   Level
 Ozocubu's Armour         Ice            22%        N/A       4%          3
 Hailstorm                Conj/Ice       12%        3d5       45%         4
 Alistair's Intoxication  Tmut/Pois      1%         N/A       99%         5
 Borgnjor's Vile Clutch   Necr/Erth      1%         N/A       99%         5
 Eringya's Noxious Bog    Tmut/Pois      1%         N/A       100%        6


Dungeon Overview and Level Annotations

Branches:
Dungeon (3/15)

Altars:
Xom
Zin

Shops:
D:3 [


Innate Abilities, Weirdness & Mutations

You are amphibious.
You cover ground slowly.
You can hop short distances.
You have an extended range of vision and can be seen from far away.


Message History

You freeze the orc wizard!
You kill the orc wizard!
The orc closely misses you.
Your Ice Magic skill increases to level 6!
You have reached level 5!
You freeze the orc!
You kill the orc!
The orc closely misses you.
The orc priest mumbles some strange prayers to Beogh against you.
Beogh smites you!
You freeze the orc.
The orc is almost dead.
The orc hits you with a +0 flail.
You freeze the orc.
You kill the orc!
The orc priest barely misses you.
You freeze the orc priest.
The orc priest is lightly wounded.
The orc priest hits you with a +0 falchion!
The orc priest calls upon Beogh to heal the orc priest.
The orc priest's wounds heal themselves!
You are too injured to fight recklessly!
You are too injured to fight recklessly!
You are too injured to fight recklessly!
You are too injured to fight recklessly!
Hop to where?
Press: ? - help, Dir - move target, p - orc priest Boing!
The orc priest looks braver for a moment.
A hobgoblin comes into view.
The orc priest looks encouraged for a moment.
Items here: ( )) †.
The orc priest mumbles some strange prayers to Beogh against you.
Pain shoots through your body!
* * * LOW HITPOINT WARNING * * *
The orc priest looks satisfied for a moment.
The orc priest begins to cast a cantrip, but forgets the words!
The orc priest calls down the wrath of Beogh upon you.
Beogh smites you!
You die...

## ## #. #.# #. ..# #.##.# +.
#..#.# #.. ##)#.#
#..##########<#.#####
#..................#
..........@......>.#
#####....(.......#..###### #.#
#...............#....# #.#
#....................###
#####+.###..o...........##.##....
........##...............#.##....
..g.....##............#..#.##..##
.∩.o....go...........##..#.##..#.
.....(..############.##..#.....#.


You could see an orc priest, an orc and a hobgoblin (corona).

Vanquished Creatures
  An orc wizard (D:3)
  5 adders (D:2)
  3 dart slugs
  5 orcs
  7 bats
  2 endoplasms
  2 giant cockroaches (D:1)
  3 goblins
  5 hobgoblins
  2 quokkas
  6 ball pythons
  3 frilled lizards
  8 kobolds
  6 rats
58 creatures vanquished.

Notes
Turn   | Place    | Note
-------+----------+-------------------------------------------
     0 | D:1      | KoroneIsBestGirl the Barachi Ice Elementalist began the
                  | quest for the Orb.
     0 | D:1      | Reached XP level 1. HP: 13/13 MP: 3/3
   104 | D:1      | Reached skill level 5 in Ice Magic
   400 | D:1      | Reached XP level 2. HP: 19/19 MP: 3/5
  1372 | D:1      | Reached XP level 3. HP: 24/24 MP: 4/6
  2125 | D:2      | Learned a level 3 spell: Frozen Ramparts
  2190 | D:2      | Reached XP level 4. HP: 27/30 MP: 3/8
  2737 | D:3      | Found a glowing silver altar of Zin.
  2738 | D:3      | Noticed an angel
  2739 | D:3      | Found a shimmering altar of Xom.
  2882 | D:3      | Found Saqucuh's Antique Armour Boutique.
  2948 | D:3      | Reached skill level 6 in Ice Magic
  2948 | D:3      | Reached XP level 5. HP: 34/35 MP: 5/10
  2964 | D:3      | Killed from afar by an orc priest

Illustrated notes

Levels and vault maps discovered:
D:1:      amcnicky_arrival_gap_in_the_tavern_cellar, layout_basic,
          kennysheep_small_spiral
D:2:      layout_basic, minmay_snake_closets
D:3:      layout_basic, mainiacjoe_overflow_cross_hatched,
          nicolae_ru_great_annihilating_truth,
          grunt_temple_overflow_order_and_chaos_1, serial_shops, shop,
          uniq_crazy_yiuf_cottage

Skill      XL: |  1  2  3  4 |
---------------+-------------+-----
Ice Magic      | 5 6 |  6.0
Dodging        | 3 |  3.6
Spellcasting   | 3 |  3.3
Stealth        | |  1.8

Action                   |  1- 3 |  4- 6 || total
-------------------------+-------+-------++-------
Melee: Unarmed           |     5 |       ||     5
       Dagger            |    11 |     4 ||    15
 Cast: Freeze            |    62 |    30 ||    92
       Frozen Ramparts   |       |     1 ||     1
 Abil: Hop               |       |     1 ||     1
 Stab: Sleeping          |     1 |       ||     1
Armor: Robe              |    16 |     1 ||    17
Dodge: Dodged            |    53 |    20 ||    73

Table legend: (Time is in decaauts)
 A = Elapsed time spent in this place.
 B = Non-inter-level travel time spent in this place.
 C = Inter-level travel time spent in this place.
 D = Time resting spent in this place.
 E = Time spent auto-exploring this place.
 F = Levels seen in this place.
 G = Mean time per level.
                   A        B        C        D        E       F      G
               +--------+--------+--------+--------+--------+-----+--------+
         Total |   3279 |   3218 |     61 |     66 |   2726 |   3 | 1093.0 |
       Dungeon |   3279 |   3218 |     61 |     66 |   2726 |   3 | 1093.0 |
               +--------+--------+--------+--------+--------+-----+--------+

Top non-repeatable levels by time:
     D:1: 1709 daAuts
     D:2: 1218 daAuts
     D:3: 350 daAuts
